 Dungeon Crawl Stone Soup version 0.32-a0-834-geaf45d8e21 (webtiles) character file.

Game seed: 14468663606324120379

1269 porpoise the Poker (level 8, -6/64 HPs)
             Began as a Demonspawn Gladiator on Mar 26, 2024.
             Was an Initiate of Yredelemnul.
             Mangled by an orc warrior
             ... wielding a +0 dire flail
              (7 damage)
             ... on level 6 of the Dungeon.
             The game lasted 00:12:20 (4816 turns).

porpoise the Poker (Demonspawn Gladiator)           Turns: 4816, Time: 00:12:21

Health: -6/64      AC: 10    Str: 16    XL:     8   Next: 28%
Magic:  0/10       EV:  0    Int:  9    God:    Yredelemnul [......]
Gold:   163        SH:  0    Dex: 15    Spells: 7/7 levels left

rFire   . . .        a - +0 trident
rCold   . . .        (no shield)
rNeg    + . .        u - +0 ring mail
rPois   .            k - +1 helmet
rElec   .            B - +0 cloak
rCorr   .            (no gloves)
SInv    .            r - +1 pair of boots
Will    .....        f - amulet of the acrobat Stlth
                     t - ring of positive energy
HPRegen 0.30/turn    (no ring)
MPRegen 0.24/turn

%: acrobat, guardian spirit
@: confused, grasped by roots, wreathed by umbra, constricted
A: powered by pain 2, magic shield, magic regeneration, demonic touch 1
a: Renounce Religion, Light the Black Torch, Recall Undead Harvest


You were on level 6 of the Dungeon.
You worshipped Yredelemnul.
Yredelemnul was noncommittal.
You visited 1 branch of the dungeon, and saw 6 of its levels.

You collected 163 gold pieces.

Inventory:

Hand Weapons
 a - a +0 trident (weapon)
 b - a +0 sling
Missiles
 d - 5 throwing nets (quivered)
 e - 3 javelins
 m - 3 boomerangs
 C - 4 poisoned darts
Armour
 k - a +1 helmet (worn)
 p - a +1 hat
 r - a +1 pair of boots (worn)
 u - a +0 ring mail (worn)
 B - a +0 cloak (worn)
Jewellery
 f - an amulet of the acrobat (around neck)
 l - a ring of magical power
 t - a ring of positive energy (left hand)
 D - a ring of wizardry
Wands
 g - a wand of flame (42)
 w - a wand of mindburst (5)
 y - a wand of acid (14)
Scrolls
 c - a scroll of fear {unknown}
 h - a scroll of enchant armour
 i - a scroll of enchant weapon {unknown}
 j - a scroll of blinking
 n - a scroll of identify {unknown}
 o - a scroll of poison
 s - 4 scrolls of teleportation
 v - a scroll of amnesia
 z - a scroll of silence {unknown}
 F - a scroll of immolation {unknown}
Potions
 q - a potion of degeneration {unknown}
 x - a potion of brilliance
 A - 2 potions of curing
 E - a potion of heal wounds {unknown}


   Skills:
 + Level 5.9 Fighting
 * Level 7.8 Polearms
 - Level 1.7 Throwing
 - Level 2.6 Dodging
 + Level 2.8 Invocations


You had 7 spell levels left.
You didn't know any spells.
Your spell library contained the following spells:

 Spells                   Type           Power      Damage    Failure   Level
 Sublimation of Blood     Necr           0%         N/A       75%         2
 Petrify                  Alch/Erth      0%         N/A       100%        4
 Irradiate                Conj/Alch      0%         3d11      100%        5


Dungeon Overview and Level Annotations

Branches:
Dungeon (6/15)
 Temple: D:4-7

Altars:
Fedhas
Kikubaaqudgha
Qazlal
Vehumet
Wu Jian
Yredelemnul


Innate Abilities, Weirdness & Mutations

You sometimes gain power by taking damage.
When hurt, damage is shared between your health and your magic reserves.
You regenerate magic rapidly.
Your touch may inflict minor irresistible damage on your foes.


Message History

The orc warrior is almost dead.
The orc closely misses you.
The orc warrior zaps a wand.
The roots erupt in riotous growth!
The grasping roots grab you!
The orc wizard is unaffected.
The orc is unaffected.
The orc warrior is unaffected.
The orc priest is unaffected.
The grasping roots constrict you.
The orc priest calls down the wrath of Beogh upon you.
Beogh smites you!
* * * LOW HITPOINT WARNING * * *
You hear some strange, mumbled words.
You are confused.
The orc wizard hits you with a +0 dagger.
* * * LOW HITPOINT WARNING * * *
A white imp comes into view.
You closely miss the orc. The orc hits you but does no damage.
The orc warrior hits you with a +0 dire flail.
* * * LOW HITPOINT WARNING * * *
The grasping roots constrict you.
The orc priest hits you but does no damage.
Something hits you but does no damage. The orc wizard completely misses you.
Unknown command.
You hit the orc but do no damage. The orc hits you with a +0 dagger.
* * * LOW HITPOINT WARNING * * *
The orc warrior hits you with a +0 dire flail.
* * * LOW HITPOINT WARNING * * *
The grasping roots constrict you. The orc priest hits you with a +0 club.
* * * LOW HITPOINT WARNING * * *
Something hits you.
* * * LOW HITPOINT WARNING * * *
The orc wizard hits you with a +0 dagger.
A lemure comes into view.
You hit the orc but do no damage. The orc hits you but does no damage.
The orc priest hits you but does no damage.
You hear some strange, mumbled words.
Something tries to affect you, but you resist.
The orc wizard hits you but does no damage.
The orc warrior hits you with a +0 dire flail!
You die...
Your body rises from the dead as a mindless zombie.

.. ........ ...
....... ...##......
.......... ......#o.#
.....)shW# ...5.oo{o#
## ...###@o## ..#.
....#o...##....#...
#....#.....#.##.....#
##5.....###.#..#......
#......####.#.........
#.##....Z...#....#....
...
###.##...##....#.#. ..
##.......#.......#
.....)..............


You could see an orc warrior, a black bear, a lemure, a phantom, a scorpion, an
orc priest, an orc wizard, a white imp and 3 orcs.

Vanquished Creatures
  Grinder (D:6)
  2 black bears (D:5)
  An ice beast (D:5)
  A gnoll sergeant (D:5)
  A scorpion (D:4)
  2 hounds
  4 jellies
  A bombardier beetle (D:5)
  Ijyb (D:4)
  Terence (D:2)
  2 iguanas
  Robin (D:2)
  9 gnolls (D:5)
  6 adders
  A shadow imp (D:6)
  2 ufetubi (D:6)
  2 ribbon worms (D:2)
  4 dart slugs
  4 orcs
  8 ball pythons
  3 bats (D:1)
  4 endoplasms
  5 giant cockroaches
  16 goblins
  9 hobgoblins
  4 jackals
  3 kobolds
  2 quokkas
  3 frilled lizards
  7 rats
110 creatures vanquished.

Vanquished Creatures (collateral kills)
  A bullfrog (D:6)
  A jelly (D:6)
2 creatures vanquished.

Vanquished Creatures (others)
  2 jelly zombies (D:6)
  A spectral shadow imp (D:6)
  A spectral ufetubus (D:6)
4 creatures vanquished.

Grand Total: 116 creatures vanquished

Notes
Turn   | Place    | Note
-------+----------+-------------------------------------------
     0 | D:1      | porpoise the Demonspawn Gladiator began the quest for the
                  | Orb.
     0 | D:1      | Reached XP level 1. HP: 16/16 MP: 1/1
    84 | D:1      | Reached skill level 3 in Polearms
   197 | D:1      | Gained mutation: Your touch may inflict minor irresistible
                  | damage on your foes. [demonic ancestry]
   197 | D:1      | Reached XP level 2. HP: 20/22 MP: 2/2
   732 | D:1      | Reached XP level 3. HP: 28/28 MP: 3/3
   746 | D:2      | Noticed Terence
   752 | D:2      | HP: 1/28 [Terence/puff of flame (8)]
   754 | D:2      | Killed Terence
   911 | D:2      | Noticed Robin
  1004 | D:2      | Killed Robin
  1005 | D:2      | Reached skill level 4 in Polearms
  1005 | D:2      | Gained mutation: You sometimes gain a little power by
                  | taking damage. [demonic ancestry]
  1005 | D:2      | Reached XP level 4. HP: 32/35 MP: 4/4
  1160 | D:2      | Found a faded altar of an unknown god.
  1165 | D:2      | Found an ancient bone altar of Kikubaaqudgha.
  1862 | D:3      | Gained mutation: You regenerate magic rapidly. [demonic
                  | ancestry]
  1862 | D:3      | Reached XP level 5. HP: 37/41 MP: 5/5
  2674 | D:4      | Noticed Ijyb
  2676 | D:4      | Killed Ijyb
  2686 | D:4      | Reached skill level 5 in Polearms
  2732 | D:4      | Gained mutation: You sometimes gain power by taking damage.
                  | [demonic ancestry]
  2732 | D:4      | Reached XP level 6. HP: 48/48 MP: 6/6
  3221 | D:5      | Entered Level 5 of the Dungeon
  3400 | D:5      | Reached skill level 6 in Polearms
  3434 | D:5      | Reached XP level 7. HP: 34/55 MP: 7/7
  3673 | D:5      | Reached skill level 5 in Fighting
  3984 | D:5      | Reached skill level 7 in Polearms
  4140 | D:5      | Found a basalt altar of Yredelemnul.
  4144 | D:5      | Became a worshipper of Yredelemnul the Fallen
  4148 | D:5      | Found a radiant altar of Vehumet.
  4148 | D:5      | Found a stormy altar of Qazlal.
  4149 | D:5      | Found an ornate altar of the Wu Jian Council.
  4151 | D:5      | Found a blossoming altar of Fedhas.
  4354 | D:6      | Noticed Grinder
  4361 | D:6      | Paralysed by Grinder for 4 turns
  4362 | D:6      | Reached skill level 1 in Invocations
  4378 | D:6      | Killed Grinder
  4379 | D:6      | Gained mutation: When hurt, damage is shared between your
                  | health and your magic reserves. [demonic ancestry]
  4379 | D:6      | Reached XP level 8. HP: 54/64 MP: 7/9
  4815 | D:6      | HP: 1/64 [something (3)]
  4816 | D:6      | Mangled by an orc warrior

Illustrated notes

Levels and vault maps discovered:
D:1:      ncdulo_lavacross, layout_basic, minmay_tripent
D:2:      layout_rooms, basic_altar, ebering_ecumenical_altar_mist, uniq_robin,
          uniq_terence
D:3:      layout_loops_ring
D:4:      layout_basic, uniq_ijyb
D:5:      layout_loops_ring, minitemple
D:6:      hellmonk_ruined_rings, layout_cave_pools, minmay_temple_entry_waves,
          uniq_pikel, uniq_grinder

Skill      XL: |  1  2  3  4  5  6  7 |
---------------+----------------------+-----
Polearms       | 3 4 5 6 7 |  7.8
Fighting       | 3 4 5 |  5.9
Invocations    | 2 |  2.8
Throwing       | |  1.7
Dodging        | |  2.6

Action                     |  1- 3 |  4- 6 |  7- 9 || total
---------------------------+-------+-------+-------++-------
  Melee: Trident           |    73 |   165 |   104 ||   342
         Touch             |     5 |    26 |    12 ||    43
   Fire: Sling             |       |       |     2 ||     2
  Throw: Throwing net      |       |     1 |       ||     1
 Invoke: Light the Black T |       |       |     2 ||     2
  Evoke: Wand              |       |     2 |     3 ||     5
    Use: Potion            |     1 |       |     1 ||     2
         Scroll            |       |     3 |     2 ||     5
   Stab: Sleeping          |     1 |     1 |       ||     2
         Distracted        |       |       |     1 ||     1
 Armour: Leather armour    |    28 |    38 |       ||    66
         Scale mail        |       |    41 |    27 ||    68
         Ring mail         |       |       |    50 ||    50
  Dodge: Dodged            |    22 |    68 |    35 ||   125

Table legend: (Time is in decaauts)
 A = Elapsed time spent in this place.
 B = Non-inter-level travel time spent in this place.
 C = Inter-level travel time spent in this place.
 D = Time resting spent in this place.
 E = Time spent auto-exploring this place.
 F = Levels seen in this place.
 G = Mean time per level.
                   A        B        C        D        E       F      G
               +--------+--------+--------+--------+--------+-----+--------+
         Total |   4829 |   4696 |    133 |   1184 |   2633 |   6 |  804.8 |
       Dungeon |   4829 |   4696 |    133 |   1184 |   2633 |   6 |  804.8 |
               +--------+--------+--------+--------+--------+-----+--------+

Top non-repeatable levels by time:
     D:5: 1121 daAuts
     D:2: 898 daAuts
     D:1: 860 daAuts
     D:3: 806 daAuts
     D:4: 675 daAuts
     D:6: 467 daAuts
